 Dungeon Crawl Stone Soup version 0.18.1-48-g4cf74bf (webtiles) character file.

193 Gargoyl the Skirmisher (level 5, -1/42 HPs)
             Began as a Demonspawn Abyssal Knight on July 24, 2016.
             Was a Believer of Lugonu.
             Slain by a worm (4 damage)
             ... on level 3 of the Dungeon on July 25, 2016.
             The game lasted 00:04:36 (2195 turns).

Gargoyl the Skirmisher (Demonspawn Abyssal Knight)  Turns: 2195, Time: 00:04:36

Health: -1/42      AC:  6    Str: 14    XL:     5   Next: 43%
Magic:  7/7        EV:  9    Int: 13    God:    Lugonu [**....]
Gold:   39         SH:  0    Dex: 12    Spells: 0 memorised, 4 levels left

rFire  . . .     SeeInvis .     a - +1 hand axe
rCold  . . .     Gourm    .     f - +0 scale mail
rNeg   . . .     Faith    .     (no shield)
rPois  .         Spirit   .     (helmet restricted)
rElec  .         Dismiss  .     (no cloak)
rCorr  .         Reflect  .     (no gloves)
SustAt .         Harm     .     (no boots)
MR     .....                    (no amulet)
Stlth  +.........               (no ring)
                                (no ring)

@: lethally poisoned (-1 -> -3), not resistant to hostile enchantments, very
unstealthy
A: horns 1, demonic guardian 1, nightstalker 1
a: Depart the Abyss, Bend Space, Renounce Religion


You were on level 3 of the Dungeon.
You worshipped Lugonu.
Lugonu was pleased with you.
You were hungry.

You visited 1 branch of the dungeon, and saw 3 of its levels.
You visited the Abyss 1 time.

You collected 39 gold pieces.

Inventory:

Hand Weapons
 a - a +1 hand axe (weapon)
Armour
 f - a +0 scale mail (worn)
Jewellery
 b - an uncursed ring of sustain attributes {unknown}
Wands
 e - a wand of flame (14/48)
Scrolls
 j - a scroll of amnesia {unknown}
 k - a scroll of fog {unknown}
 o - a scroll of remove curse {unknown}
Potions
 i - a potion of brilliance {unknown}
 l - a potion of curing {unknown}
 m - 2 potions of mutation {unknown}
Comestibles
 c - a bread ration
 n - a meat ration


   Skills:
 + Level 4.3 Fighting
 + Level 2.6 Axes
 * Level 3.0 Armour
 + Level 2.0 Dodging
 + Level 2.9 Invocations


You had 4 spell levels left.
You didn't know any spells.

Dungeon Overview and Level Annotations

Branches:
Dungeon (3/15)

Altars:


Innate Abilities, Weirdness & Mutations

You have a pair of small horns on your head.
A weak demonic guardian rushes to your aid.
You are slightly more attuned to the shadows.


Message History

Your scale mail prevents you from hitting the worm.
The worm is lightly wounded.
You feel sick. The worm bites you.
* * * LOW HITPOINT WARNING * * *
You hit the worm.
You headbutt the worm, but do no damage.
The worm is lightly wounded.
You hear the rusting of a distant drain.
You barely miss the worm. Your headbutt misses the worm.
The worm is lightly wounded.
The worm bites you.
* * * LOW HITPOINT WARNING * * *
You hit the worm.
The worm is moderately wounded.
You are feeling hungry.
You feel sick. The worm bites you but does no damage.
You hit the worm.
The worm is moderately wounded.
The worm bites you.
You die...

*****,*,*,**,*,*,,**,* **,* *≈≈*
*,*,*,**,*,*,***,** *,** *≈≈*
*,#.#.##.#,...,,,,* *,,***,≈*
*****,#.#.##.#*#.#**,,* **,**≈,≈*
,,,,,,#.#.##.# #.# *,,* *,,*,≈**
###***#.#.##.# #.# *,,* **,*,,,,
..# #.#.##.# #.# *,,* *,**,,,
#.#####.#.##.###.# *,,* *,,*,,,
#.##............@# *,,* **,*,,,
#.#..##########.w#**,,******,,,,,
#.#..#,,,,,,,,#...$.,,,,,,,,,,,,,
#.#..+,,,,,,,,#.?....,*******,,,,
#....#,,,,,,,,#....#.#* *,,,,
..#..#,,,,,,,,#.##.#,# *****,,*,
..#..#,,,,,,,,#..,.#,* *,,,**,*,
..#..#,,,,,,,,*.#***,* **,>,*,,,,
###..#,,,,,,,,+.####.* *,,,,**,*,


You could see a worm.

Vanquished Creatures
  A centaur (D:3)
  An iron imp (Abyss:1)
  2 adders
  An ooze (D:1)
  A worm (D:2)
  2 dart slugs
  A ball python (D:2)
  2 giant cockroaches
  7 goblins
  8 hobgoblins
  4 jackals (D:1)
  6 kobolds
  8 bats
  3 giant newts
  7 rats
54 creatures vanquished.

Vanquished Creatures (others)
  A kobold (D:2)
  4 starspawn tentacles (Abyss:1)
  2 starspawn tentacle segments (Abyss:1)
7 creatures vanquished.

Grand Total: 61 creatures vanquished

Notes
Turn   | Place    | Note
--------------------------------------------------------------
     0 | Abyss:1  | Gargoyl the Demonspawn Abyssal Knight began the quest for the Orb.
     0 | Abyss:1  | Reached XP level 1. HP: 18/18 MP: 2/2
    93 | Abyss:1  | Noticed an iron imp
    97 | Abyss:1  | Killed an iron imp
    97 | Abyss:1  | Reached skill level 1 in Dodging
    97 | Abyss:1  | Gained mutation: You are slightly more attuned to the shadows. [demonic ancestry]
    97 | Abyss:1  | Reached XP level 2. HP: 13/25 MP: 3/3
   136 | Abyss:1  | Noticed a small abomination
   150 | Abyss:1  | Noticed a tentacled starspawn
   158 | Abyss:1  | Found a corrupted altar of Lugonu.
   198 | Abyss:2  | Noticed a flying skull
   208 | Abyss:2  | Noticed a small abomination
   209 | Abyss:2  | Noticed a raiju
   212 | Abyss:2  | HP: 1/25 [raiju (8)]
   213 | D:1      | Escaped the Abyss
   534 | D:1      | Gained mutation: You have a pair of small horns on your head. [demonic ancestry]
   534 | D:1      | Reached XP level 3. HP: 27/30 MP: 4/4
   707 | D:1      | Reached * piety under Lugonu
  1082 | D:1      | Reached skill level 4 in Fighting
  1242 | D:2      | Reached XP level 4. HP: 35/37 MP: 6/6
  1342 | D:2      | Reached ** piety under Lugonu
  1592 | D:2      | Found a faded altar to an unknown god.
  2020 | D:3      | Noticed a centaur
  2030 | D:3      | Killed a centaur
  2030 | D:3      | Gained mutation: A weak demonic guardian rushes to your aid. [demonic ancestry]
  2030 | D:3      | Reached XP level 5. HP: 4/42 MP: 7/7
  2195 | D:3      | Slain by a worm

Skill      XL: |  1  2  3  4  5 |
---------------+----------------+-----
Axes           | 2 |  2.6
Armour         | 2 3 |  3.0
Dodging        | 1 2 |  2.0
Fighting       | 4 |  4.3
Invocations    | |  2.9

Action                   |  1- 3 |  4- 6 || total
-------------------------+-------+-------++-------
Melee: Hand axe          |   102 |    71 ||   173
       Headbutt          |    10 |    13 ||    23
Invok: Depart the Abyss  |     1 |       ||     1
  Use: Scroll            |       |     3 ||     3
  Eat: Chunk             |       |     4 ||     4
Armor: Scale mail        |    60 |    31 ||    91
Dodge: Dodged            |    72 |    38 ||   110
